 Dungeon Crawl Stone Soup version 0.22.0 (webtiles) character file.

54 Blackhawk the Skirmisher (level 3, -1/34 HPs)
             Began as a Minotaur Berserker on Oct 20, 2018.
             Was a Follower of Trog.
             Slain by Sigmund
             ... wielding a +0 scythe
              (2 damage)
             ... on level 2 of the Dungeon.
             The game lasted 00:03:00 (1182 turns).

Blackhawk the Skirmisher (Minotaur Berserker)       Turns: 1182, Time: 00:03:00

Health: -1/34      AC:  8    Str: 22    XL:     3   Next: 66%
Magic:  2/2        EV:  7    Int: 10    God:    Trog [*.....]
Gold:   78         SH:  0    Dex:  9    Spells: 2/2 levels left

rFire    . . .     SeeInvis .   a - +0 hand axe
rCold    . . .     Gourm    .   h - +0 shield
rNeg     . . .     Faith    .   p - +0 scale mail
rPois    .         Spirit   .   (helmet restricted)
rElec    .         Reflect  .   k - +0 cloak
rCorr    .         Harm     .   (no gloves)
MR       .....                  (no boots)
Stlth    ..........             (no amulet)
HPRegen  0.11/turn              f - +6 ring of intelligence
MPRegen  0.08/turn              (no ring)

@: confused, berserk cooldown, slowed, very slow
A: retaliatory headbutt, horns 2
a: Berserk, Renounce Religion


You were on level 2 of the Dungeon.
You worshipped Trog.
Trog was aware of your devotion.
You were hungry.

You visited 1 branch of the dungeon, and saw 2 of its levels.

You collected 78 gold pieces.

Inventory:

Hand Weapons
 a - a +0 hand axe (weapon)
 q - a +0 hunting sling
Armour
 b - a +0 animal skin
 h - a +0 shield (worn)
 k - a +0 cloak (worn)
 p - a +0 scale mail (worn)
Jewellery
 f - a +6 ring of intelligence (left hand)
Scrolls
 g - a scroll of magic mapping {unknown}
 j - a scroll of identify {unknown}
 l - a scroll of immolation {unknown}
 m - a scroll of fear {unknown}
 o - a scroll of enchant weapon {unknown}
Potions
 e - a potion of heal wounds {unknown}
 i - 2 potions of curing {unknown}
 n - 2 potions of invisibility {unknown}
 r - a potion of degeneration {unknown}
Comestibles
 c - 5 rations
 d - 3 chunks of flesh


   Skills:
 + Level 4.3 Fighting
 + Level 4.3 Axes
 + Level 3.3 Armour
 - Level 2.4 Dodging


You had 2 spell levels left.
You didn't know any spells.
Your spell library was empty.

Dungeon Overview and Level Annotations

Branches:
Dungeon (2/15)

Altars:

Annotations:
D:2 Sigmund


Innate Abilities, Weirdness & Mutations

You reflexively headbutt those who attack you in melee.
You have a pair of horns on your head.


Message History

You hear some strange, mumbled words.
You are confused.
You bump into the rock wall.
You hear some strange, mumbled words.
A magic dart appears from out of thin air!
The magic dart hits you!
You're too confused to move!
You feel a strong urge to attack something.
You bump into the rock wall.
You hear some strange, mumbled words.
A puff of flame appears from out of thin air!
The puff of flame hits you!
* * * LOW HITPOINT WARNING * * *
You bump into the rock wall.
You feel your anger nearly subside.
You are no longer berserk.
You are exhausted.
You feel yourself slow down. Something hits you!
* * * LOW HITPOINT WARNING * * *
You miss something. Something hits you.
You die...

...'........#..###.####...#..#
#.##.....#..#...........#.#..#
#.########..#.####.######.....
..########..#.# #.# #....#
..##.##....>#.# #.# ######
.....##.#####.####.###
####.##.# #....)...#
#.##.##########.#.#
#.##.#.......@†...#
#.##.#......{##.###
#.##.#....... #.#
#....######+# #.# ###### #.#
.%# ###


There were no monsters in sight!

Vanquished Creatures
  3 adders (D:2)
  A leopard gecko (D:1)
  A giant cockroach (D:2)
  5 goblins
  A hobgoblin (D:2)
  4 jackals (D:2)
  3 kobolds
  2 bats (D:1)
  3 frilled lizards (D:1)
  3 rats
26 creatures vanquished.

Notes
Turn   | Place    | Note
-------+----------+-------------------------------------------
     0 | D:1      | Blackhawk the Minotaur Berserker began the quest for the Orb.
     0 | D:1      | Reached XP level 1. HP: 19/19 MP: 0/0
   333 | D:1      | Reached XP level 2. HP: 25/27 MP: 1/1
  1020 | D:2      | Reached XP level 3. HP: 33/33 MP: 2/2
  1149 | D:2      | Noticed Sigmund
  1181 | D:2      | HP: 1/34 [something (9)]
  1182 | D:2      | Slain by Sigmund

Skill      XL: |  1  2 |
---------------+-------+-----
Fighting       | 4 |  4.3
Axes           | 4 |  4.3
Armour         | 3 |  3.3
Dodging        | |  2.4

Action                   || total
-------------------------++-------
Melee: Hand axe          ||    78
       Headbutt          ||     9
Invok: Berserk           ||     1
  Eat: Chunk             ||     1
Armor: Animal skin       ||     6
       Scale mail        ||    27
Dodge: Dodged            ||    27
Block: Shield            ||    28
